 Dungeon Crawl Stone Soup version 0.17-a0-1515-gfae3d72 (webtiles) character file.

27480 Chiseanne the Protected (level 13, -1/103 HPs)
             Began as a Demonspawn Wanderer on July 12, 2015.
             Was an Initiate of Gozag.
             Slain by a large slime creature (13 damage)
             ... on level 13 of the Dungeon.
             The game lasted 01:02:06 (21121 turns).

Chiseanne the Protected (Demonspawn Wanderer)      Turns: 21121, Time: 01:02:06

Health: -1/103     AC: 29    Str: 24    XL:     13   Next: 4%
Magic:  35/35      EV: 16    Int: 15    God:    Gozag
Gold:   538        SH:  7    Dex: 20    Spells: 2 memorised, 26 levels left

rFire  + + .     SeeInvis .     a - +2 short sword (elec)
rCold  + . .     Clarity  .     X - +3 plate armour of the Pink Corner {rElec Str+5 Slay+5}
rNeg   + . .     SustAt   .     M - +0 buckler
rPois  .         Gourm    .     q - +2 helmet
rElec  +         Spirit   .     (no cloak)
rCorr  .         Warding  +     J - +0 pair of gloves
rMut   .         Stasis   .     (no boots)
MR     .....                    Y - amulet of warding
Stlth  ..........               H - ring of the Locust {MP+9 Dex+2 Slay+2 Stlth-}
                                s - ring of Kerphuog {rF++ rC+}

@: mighty, agile, very slightly contaminated, hasted, very quick, not resistant
to hostile enchantments, extremely unstealthy
A: hooves 1, rough black scales 2, powered by pain 2, rot immunity
a: Potion Petition, Call Merchant, Bribe Branch, Renounce Religion


You were on level 13 of the Dungeon.
You worshipped Gozag.
Gozag was noncommittal.
You were not hungry.

You visited 2 branches of the dungeon, and saw 14 of its levels.
You also visited: Sewer.

You collected 3591 gold pieces.
You spent 1692 gold pieces at shops.
You paid 1361 gold pieces to Gozag.

Inventory:

Hand weapons
 a - a +2 short sword of electrocution (weapon)
 w - a +0 blowgun
 O - a +0 hand axe of chopping
 P - a +2 hand axe of flaming
Missiles
 h - 93 poisoned needles
 j - 62 sling bullets
 B - 14 curare-tipped needles
 I - 3 javelins (quivered)
 T - 32 bolts
Armour
 q - a +2 helmet (worn)
 J - a +0 pair of gloves (worn)
 M - a +0 buckler (worn)
 U - a +3 leather armour of poison resistance
 X - the +3 plate armour of the Pink Corner (worn) {rElec Str+5 Slay+5}
   (You acquired it on level 10 of the Dungeon)

   It affects your strength (+5).
   It affects your accuracy and damage with ranged weapons and melee attacks
   (+5).
   It insulates you from electricity.
Magical staves
 y - an uncursed staff of air
Jewellery
 l - an uncursed ring of see invisible
 r - an uncursed amulet of resist mutation
 s - the ring of Kerphuog (left hand) {rF++ rC+}
   (You bought it in a shop on level 10 of the Dungeon)

   [ring of protection from cold]

   It greatly protects you from fire.
   It protects you from cold.
 C - an uncursed ring of flight
 H - the ring of the Locust (right hand) {MP+9 Dex+2 Slay+2 Stlth-}
   (You bought it in a shop on level 10 of the Dungeon)

   [ring of loudness]

   It affects your dexterity (+2).
   It affects your accuracy and damage with ranged weapons and melee attacks
   (+2).
   It affects your magic capacity (+9).
   It makes you less stealthy.
 Y - an amulet of warding (around neck)
Magical devices
 Q - a wand of draining (0)
 W - a wand of digging (0)
Scrolls
 m - 3 scrolls of teleportation
 t - 6 scrolls of remove curse
 R - a scroll of magic mapping
Potions
 e - a potion of mutation {unknown}
 g - a potion of agility
 k - 14 potions of curing
 p - a potion of beneficial mutation {unknown}
 x - a potion of resistance {unknown}
 z - 6 potions of cancellation
 E - 5 potions of haste
 F - 4 potions of heal wounds
 G - 3 potions of brilliance
 K - 3 potions of magic
 N - a potion of ambrosia {unknown}
Books
 c - the Disquisition on Combat Magic

   Spells                             Type                      Level
   a - Flame Tongue                   Conjuration/Fire             1
   b - Throw Frost                    Conjuration/Ice              2
 d - the Volume of Confrontation and Flight

   Spells                             Type                      Level
   a - Shock                          Conjuration/Air              1
   b - Mephitic Cloud                 Conjuration/Poison/Air       3
 n - the Catalogue of Nature
   (You found it on level 12 of the Dungeon)

   Spells                             Type                      Level
   a - Sting                          Conjuration/Poison           1
   b - Beastly Appendage              Transmutation                1
   c - Cure Poison                    Poison                       2
   d - Sticks to Snakes               Transmutation                2
   e - Spider Form                    Transmutation/Poison         3
 V - a book of the Earth

   Spells                             Type                      Level
   a - Leda's Liquefaction            Hexes/Earth                  4
   b - Bolt of Magma                  Conjuration/Fire/Earth       5
   c - Statue Form                    Transmutation/Earth          6
   d - Iron Shot                      Conjuration/Earth            6
   e - Shatter                        Earth                        9
Comestibles
 f - 3 bread rations
 D - 8 meat rations


   Skills:
 + Level 9.8 Fighting
 - Level 1.0 Short Blades
 - Level 1.0 Throwing
 * Level 10.4 Armour
 - Level 6.0 Dodging
 + Level 7.3 Shields
 - Level 9.1 Spellcasting
 - Level 9.2 Conjurations
 - Level 1.7 Air Magic
 - Level 1.0 Evocations


You had 26 spell levels left.
You knew the following spells:

 Your Spells              Type           Power        Failure   Level  Hunger
a - Shock                 Conj/Air       ###.         14%         1    None
b - Mephitic Cloud        Conj/Pois/Air  ###.....     86%         3    #......


Dungeon Overview and Level Annotations

Branches:
Dungeon (13/15)            Temple (1/1) D:5            Lair (0/8) D:11
    Orc (0/4) D:11
 Vaults: D:13-14

Altars:
Ashenzari
Cheibriados
Dithmenos
Elyvilon
Fedhas
Gozag
Kikubaaqudgha
Makhleb
Nemelex Xobeh
Okawaru
Qazlal
Ru
Sif Muna
Trog
Vehumet
Xom
Yredelemnul
Zin
The Shining One

Shops:
D:10 =   D:11 !   D:14 (


Innate Abilities, Weirdness & Mutations

You have large cloven feet.
You are mostly covered in rough black scales (AC +7, Dex -2).
You sometimes gain power by taking damage.
You are immune to rotting.


Message History

The large slime creature is heavily wounded.
The large slime creature is distracted by the nearby gold.
The large slime creature quivers.
You impale the large slime creature!!
The large slime creature is no longer distracted by gold.
You kick the large slime creature!
The large slime creature is almost dead.
You barely miss the large slime creature.
The large slime creature is almost dead.
The large slime creature hits you!!
* * * LOW HITPOINT WARNING * * *
You barely miss the large slime creature.
You kick the large slime creature.
The large slime creature is almost dead.
The large slime creature hits you but does no damage.
You hit the large slime creature.
The large slime creature is almost dead.
The large slime creature hits you!
You die...
Your body crumbles into a pile of gold.

..######.######...
..'...........+...
..######..#####...
..# #.......#'#
..# ##..###.#.#
..# ##.###.#.# ..#
#..##.#.# ..###
##.##.#/# ....#
#.##.#@# ....#
#.##.#J# ....#
#..#.#$#### ....#
##.#o.....# ...)#
#..##.##.# ....#
##.##.# # ....#
#.##.# ....#
#.##.# #####
..##.#


You could see a large slime creature.

Vanquished Creatures
  Snorg (D:12)
  Erolcha (D:9)
  2 hydras (D:12)
  3 unseen horrors
  8 hill giants
  3 cyclopes
  4 ugly things
  A manticore (D:13)
  An oklob plant (D:12)
  A gargoyle (D:12)
  2 kobold demonologists (D:12)
  A troll (D:11)
  A two-headed ogre (D:13)
  6 slime creatures
  A trapdoor spider (D:12)
  A deep elf mage (D:11)
  A spriggan (D:8)
  3 wyverns
  2 hippogriffs
  27 yaks
  A basilisk (D:11)
  2 humans
  2 mottled dragons (D:12)
  3 water moccasins
  A soldier ant (D:10)
  3 porcupines (D:11)
  2 spiders (D:12)
  3 ice beasts
  4 orc warriors
  A phantom (D:8)
  3 black bears
  3 sky beasts
  5 ogres
  2 crocodiles (D:11)
  A necrophage (D:13)
  11 big kobolds
  4 centaurs
  8 giant frogs
  A wyvern zombie (D:12)
  4 scorpions
  19 killer bees
  5 wights (D:11)
  9 crimson imps
  An oklob sapling (D:12)
  2 centaur zombies
  5 hounds
  2 giant frog skeletons
  2 jellies
  A wasp zombie (D:12)
  3 giant frog zombies
  5 iguanas
  10 orc priests
  A centaur skeleton (D:8)
  5 orc wizards
  13 worker ants
  3 sheep (D:12)
  2 hound skeletons
  6 river rats
  26 adders
  2 shadow imps
  7 oozes
  3 adder zombies
  An adder skeleton (D:8)
  6 worms
  5 giant geckos
  43 orcs
  13 bats
  A bat skeleton (D:6)
  9 giant cockroaches
  16 hobgoblins
  8 jackals
  35 kobolds
  6 quokkas
  12 ball pythons
  A giant gecko skeleton (D:6)
  4 giant newts
  10 goblins
  36 rats
  A rat zombie (D:2)
  A plant (D:12)
474 creatures vanquished.

Vanquished Creatures (others)
  9 plants
9 creatures vanquished.

Grand Total: 483 creatures vanquished

Notes
Turn   | Place    | Note
--------------------------------------------------------------
     0 | D:1      | Chiseanne the Demonspawn Wanderer began the quest for the Orb.
     0 | D:1      | Chiseanne set off with: a +0 leather armour, 3 throwing nets, the Disquisition on Combat Magic, the Volume of Confrontation and Flight, a +0 dagger, a bread ration
     0 | D:1      | Reached XP level 1. HP: 15/15 MP: 4/4
     0 | D:1      | Identified the Disquisition on Combat Magic
     0 | D:1      | Identified the Volume of Confrontation and Flight
     2 | D:1      | Learned a level 1 spell: Shock
   139 | D:1      | Reached skill level 1 in Conjurations
   139 | D:1      | Gained mutation: You are partially covered in rough black scales (AC +4, Dex -1). [demonic ancestry]
   139 | D:1      | Reached XP level 2. HP: 15/21 MP: 6/6
   796 | D:2      | Gained mutation: You are immune to rotting. [demonic ancestry]
   796 | D:2      | Reached XP level 3. HP: 21/26 MP: 8/8
  1041 | D:2      | Found a deep blue altar of Sif Muna.
  1102 | D:2      | Found a white marble altar of Elyvilon.
  1329 | D:2      | Found an ancient bone altar of Kikubaaqudgha.
  1413 | D:2      | Learned a level 3 spell: Mephitic Cloud
  1976 | D:3      | Reached XP level 4. HP: 28/32 MP: 9/9
  2151 | D:3      | Reached skill level 4 in Spellcasting
  3446 | D:3      | Found a burning altar of Makhleb.
  3607 | D:4      | Gained mutation: You have large cloven feet. [demonic ancestry]
  3607 | D:4      | Reached XP level 5. HP: 33/38 MP: 11/11
  4027 | D:4      | Noticed an ogre
  4059 | D:4      | Killed an ogre
  4172 | D:4      | Reached XP level 6. HP: 34/44 MP: 11/13
  5186 | D:4      | Reached skill level 5 in Spellcasting
  5722 | D:5      | Entered Level 5 of the Dungeon
  5741 | D:4      | Gained mutation: You sometimes gain a little power by taking damage. [demonic ancestry]
  5741 | D:4      | Reached XP level 7. HP: 51/51 MP: 6/14
  5863 | D:5      | Found a glowing drain.
  5985 | Sewer    | Entered a sewer
  7286 | D:5      | Found a glowing golden altar of the Shining One.
  7333 | D:5      | Found a staircase to the Ecumenical Temple.
  7376 | Temple   | Entered the Ecumenical Temple
  7523 | Temple   | Became a worshipper of Gozag Ym Sagoz the Greedy
  7730 | D:5      | Reached skill level 5 in Conjurations
  8620 | D:6      | Reached XP level 8. HP: 49/58 MP: 6/16
  8825 | D:6      | Found a blossoming altar of Fedhas.
  8836 | D:6      | Reached skill level 6 in Spellcasting
 10279 | D:6      | Reached skill level 7 in Spellcasting
 10703 | D:6      | Gained mutation: You are mostly covered in rough black scales (AC +7, Dex -2). [demonic ancestry]
 10703 | D:6      | Reached XP level 9. HP: 39/65 MP: 19/19
 11144 | D:7      | Reached skill level 1 in Shields
 11214 | D:7      | Reached skill level 1 in Armour
 12133 | D:8      | Found a radiant altar of Vehumet.
 12893 | D:8      | Reached XP level 10. HP: 73/73 MP: 21/21
 12993 | D:8      | Reached skill level 8 in Spellcasting
 13208 | D:9      | Reached skill level 5 in Dodging
 13353 | D:9      | Found an iron altar of Okawaru.
 13411 | D:9      | Noticed Erolcha
 13426 | D:9      | Killed Erolcha
 13426 | D:9      | Reached skill level 5 in Fighting
 14500 | D:10     | Entered Level 10 of the Dungeon
 14500 | D:10     | Found Beylitoe's Jewellery Emporium.
 14505 | D:10     | Bought the ring of the Locust {MP+9 Dex+2 Slay+2 Stlth-} for 271 gold pieces
 14505 | D:10     | Bought a cursed amulet of inaccuracy for 20 gold pieces
 14855 | D:10     | Reached skill level 9 in Conjurations
 14897 | D:10     | Noticed a hill giant
 14912 | D:10     | Killed a hill giant
 15333 | D:10     | Identified a scroll of acquirement
 15334 | D:10     | Got a translucent plate armour
 16002 | D:10     | Identified the +3 plate armour of the Pink Corner {rElec Str+5 Slay+5} (You acquired it on level 10 of the Dungeon)
 16081 | D:11     | Noticed a cyan ugly thing
 16112 | D:11     | Killed a cyan ugly thing
 16112 | D:11     | Gained mutation: You sometimes gain power by taking damage. [demonic ancestry]
 16112 | D:11     | Reached XP level 11. HP: 68/81 MP: 24/24
 16394 | D:11     | Found a staircase to the Lair.
 16465 | D:11     | Noticed a cyclops
 16465 | D:11     | Noticed a white ugly thing
 16481 | D:11     | Killed a cyclops
 16492 | D:11     | Killed a white ugly thing
 16777 | D:11     | Reached skill level 5 in Armour
 16795 | D:11     | Found a staircase to the Orcish Mines.
 16826 | D:11     | Noticed an unseen horror
 16835 | D:11     | Killed an unseen horror
 16924 | D:11     | Reached skill level 5 in Shields
 17000 | D:11     | Noticed a hill giant
 17005 | D:11     | Killed a hill giant
 17242 | D:11     | Found Caneawk's Distillery.
 17245 | D:11     | Bought a potion of invisibility for 96 gold pieces
 17245 | D:11     | Bought a potion of brilliance for 48 gold pieces
 17245 | D:11     | Bought a potion of heal wounds for 60 gold pieces
 17245 | D:11     | Bought a potion of haste for 120 gold pieces
 17245 | D:11     | Bought a potion of haste for 120 gold pieces
 17245 | D:11     | Bought 2 potions of curing for 72 gold pieces
 17245 | D:11     | Bought a potion of agility for 48 gold pieces
 17245 | D:11     | Bought a potion of curing for 36 gold pieces
 17245 | D:11     | Bought a potion of agility for 48 gold pieces
 17245 | D:11     | Bought 2 potions of curing for 72 gold pieces
 17245 | D:11     | Bought a potion of curing for 36 gold pieces
 17390 | D:11     | Noticed a hill giant
 17397 | D:11     | Killed a hill giant
 17668 | D:11     | Noticed a hill giant
 17678 | D:11     | Killed a hill giant
 17935 | D:10     | Bought an uncursed amulet of warding for 150 gold pieces
 17993 | D:12     | Noticed an unseen horror
 17998 | D:12     | Killed an unseen horror
 18248 | D:12     | Reached XP level 12. HP: 68/94 MP: 25/25
 18397 | D:12     | Noticed Snorg
 18399 | D:12     | Noticed a five-headed hydra
 18419 | D:12     | Killed Snorg
 18430 | D:12     | Killed a five-headed hydra
 18577 | D:12     | Noticed a hill giant
 18591 | D:12     | Killed a hill giant
 18830 | D:12     | Noticed a four-headed hydra
 18859 | D:12     | Killed a four-headed hydra
 19028 | D:12     | Identified the Catalogue of Nature
 19431 | D:12     | Found a shimmering altar of Xom.
 20564 | D:10     | Bought the ring of Kerphuog {rF++ rC+} for 495 gold pieces
 20663 | D:13     | Reached skill level 10 in Armour
 21022 | D:13     | Found a stormy altar of Qazlal.
 21100 | D:13     | Reached XP level 13. HP: 63/103 MP: 26/26
 21121 | D:13     | Slain by a large slime creature

Vault maps used:
D:1:      dpeg_arrival_chase
D:2:      lemuel_blue_sif_altar, old_standard_altar,
          lemuel_zombie_altar_kikubaaqudgha, first_bread
D:3:      lemuel_round_altar, kennysheep_nondescript
D:4:      st_stairs_12, hangedman_decor_push
D:5:      tso_altar, minmay_temple_entry_junction, gup_sewer_entry_glass
D:6:      fedhas_altar_2
D:8:      vehumet_altar_wand_db, special_room, the_bakery,
          minmay_misc_feat_tower, roderic_lattice_a, kennysheep_generic_room_8
D:9:      minmay_goldmine, serial_glass, glass_columns_c, glass_columns_a,
          okawaru_humans, uniq_erolcha
D:11:     minmay_lair_entry_grove, orc_0_dummy, serial_shops, kennysheep_mini,
          st_stairs_5
D:12:     basic_altar, introduction_to_nature_2, uniq_snorg
D:13:     nicolae_qazlal_eye_of_the_storm
Temple:   water_room_temple_b_12
Sewer:    sewer_minmay_treatment

Action                   |  1- 3 |  4- 6 |  7- 9 | 10-12 | 13-15 || total
-------------------------+-------+-------+-------+-------+-------++-------
Melee: Dagger            |   174 |   386 |    61 |       |       ||   621
       Morningstar       |       |    19 |    40 |       |       ||    59
       Short sword       |       |       |   207 |   658 |    16 ||   881
 Fire: Blowgun           |       |       |       |     9 |       ||     9
Throw: Throwing net      |       |     8 |       |       |       ||     8
       Javelin           |       |       |     4 |    21 |       ||    25
 Cast: Shock             |       |    74 |   458 |   125 |       ||   657
       Mephitic Cloud    |       |       |    34 |    20 |       ||    54
Invok: Call Merchant     |       |       |       |     2 |       ||     2
Evoke: Wand              |       |       |       |    13 |       ||    13
  Use: Scroll            |    10 |     6 |    13 |    11 |       ||    40
       Potion            |       |       |     1 |    15 |       ||    16
 Stab: Held in net/web   |       |     1 |       |       |       ||     1
       Confused          |       |       |     9 |     7 |       ||    16
       Distracted        |       |       |     2 |     4 |       ||     6
       Invisible         |       |       |       |     1 |       ||     1
  Eat: Chunk             |     3 |    11 |     5 |       |       ||    19
       Beef jerky        |       |     1 |       |     1 |       ||     2
       Bread ration      |       |       |     4 |     6 |       ||    10
       Royal jelly       |       |       |     1 |       |       ||     1
       Fruit             |       |       |       |     3 |       ||     3
